 Dungeon Crawl Stone Soup version 0.15.2 (webtiles) character file.

90 MuhBandages the Ruffian (level 4, 0/35 HPs)
             Began as a Mummy Monk on Nov 2, 2015.
             Slain by an orc wizard
             ... wielding a +0 dagger
              (3 damage)
             ... on Level 3 of the Dungeon.
             The game lasted 00:05:58 (3441 turns).

MuhBandages the Ruffian (Mummy Monk)                Turns: 3441, Time: 00:05:58

HP   0/35        AC  0     Str 15      XL: 4   Next: 32%
MP   4/4         EV 13     Int  9      God:
Gold 118         SH  0     Dex 16      Spells:  0 memorised,  3 levels left

rFire  x . .     SeeInvis .       - Unarmed
rCold  + . .     Clarity  .     (no armour)
rNeg   + + +     rCorr    .     (no shield)
rPois  +         rRot     +     (no helmet)
rElec  .         Spirit   .     (no cloak)
SustAb .         Warding  .     (no gloves)
rMut   .         Stasis   .     (no boots)
Gourm  .                        (no amulet)
MR     +....                    j - +2 ring of dexterity
                                k - ring of protection from magic

@: somewhat resistant to hostile enchantments, unstealthy
A: no food or potions, fire vulnerability, restore body, cold resistance 1,
negative energy resistance 3, poison resistance, torment resistance, unbreathing
a: no special abilities


You were on level 3 of the Dungeon.
You were not hungry.

You visited 1 branch of the dungeon, and saw 3 of its levels.

You collected 118 gold pieces.


Innate Abilities, Weirdness & Mutations

You do not eat or drink.
Your flesh is vulnerable to fire.
Your flesh is cold resistant.
You are immune to negative energy.
Your system is resistant to poisons.
You are immune to unholy pain and torment.
You can survive without breathing.


   Skills:
 - Level 3.0 Fighting
 - Level 2.4 Dodging
 - Level 1.5 Stealth
 + Level 4.8 Unarmed Combat


You had 3 spell levels left.
You didn't know any spells.

Inventory:

Comestibles
 b - a meat ration
 i - 3 bread rations (quivered)
Scrolls
 a - a scroll of remove curse
 c - a scroll of amnesia
 d - a scroll of fog
 g - a scroll of enchant armour
 h - a scroll of magic mapping {unknown}
 l - a scroll of immolation {unknown}
Jewellery
 j - a +2 ring of dexterity (right hand)
 k - a ring of protection from magic (left hand)
 m - an uncursed ring of teleportation

Dungeon Overview and Level Annotations

Branches:
Dungeon (3/15)

Altars:

#(#.....# #.#.....#
#.#.....#######
####.#.....#.....#
...........#.###.#.#.
########...#.#.#.#.#?# .
...............#.#.#.#
..
#..#######...#.#.#.#.#..
.............#@#.#.#.
####P....P..#o#.#.o
#######..#.#.#.#
..#.#.#.# ..#....o#
..#.>.........#
#....######. #....+
#....#


You could see an orc wizard.


Message History

The orc is moderately wounded.
The orc wizard becomes somewhat translucent.
The orc closely misses you.
You closely miss the orc.
The orc is moderately wounded.
The orc wizard becomes somewhat translucent.
You punch the orc!
You kill the orc!
You hit the orc wizard but do no damage.
The orc wizard hits you with a dagger.
* * * LOW HITPOINT WARNING * * *
The orc wizard hits you with a dagger.
* * * LOW HITPOINT WARNING * * *
You closely miss the orc wizard. The orc wizard barely misses you.
You barely miss the orc wizard.
The orc wizard points at you and mumbles some strange words.
The puff of flame misses you.
You miss the orc wizard. The orc wizard hits you with a dagger.
* * * LOW HITPOINT WARNING * * *
Unknown command.
You hit the orc wizard.
The orc wizard is heavily wounded.
The orc wizard closely misses you. The orc wizard barely misses you.
You closely miss the orc wizard.
The orc wizard is heavily wounded.
The orc wizard's eyes start to glow.
You closely miss the orc wizard.
The orc wizard is heavily wounded.
The orc wizard misses you. The orc wizard hits you with a dagger.
You die...

Action                   |  1- 3 |  4- 6 || total
-------------------------+-------+-------++-------
Melee: Unarmed           |   160 |    55 ||   215
  Use: Scroll            |       |     7 ||     7
 Stab: Sleeping          |     1 |       ||     1

Vault maps used:
D:1:      dpeg_arrival_radiant, minmay_misc_feat_tiny, minivault_19
D:2:      lemuel_upstairs_altar, st_stairs_7, minmay_strange_pillars
D:3:      corexii_shack_village, roderic_whirl, minivault_4

Notes
Turn   | Place    | Note
--------------------------------------------------------------
     0 | D:1      | MuhBandages, the Mummy Monk, began the quest for the Orb.
     0 | D:1      | Reached XP level 1. HP: 18/18 MP: 1/1
   565 | D:1      | Reached XP level 2. HP: 17/24 MP: 2/2
   801 | D:1      | Reached skill level 4 in Unarmed Combat
  1094 | D:1      | Reached XP level 3. HP: 29/29 MP: 3/3
  1915 | D:2      | HP: 1/29 [adder (5)]
  2508 | D:2      | Reached XP level 4. HP: 20/35 MP: 4/4
  3438 | D:3      | HP: 3/35 [orc wizard/dagger (4)]
  3441 | D:3      | Slain by an orc wizard

Vanquished Creatures
  A gnoll (D:1)
  3 adders (D:2)
  2 giant geckos
  An ooze (D:2)
  2 orcs (D:3)
  A ball python (D:2)
  9 bats
  4 giant cockroaches
  5 hobgoblins
  2 jackals (D:2)
  4 kobolds (D:2)
  A giant newt (D:2)
  5 goblins
  7 rats
47 creatures vanquished.
